 Dungeon Crawl Stone Soup version 0.20-a0-833-gc632bec (webtiles) character file.

2537 nikopol the Cleaver (level 9, -1/121 HPs)
             Began as a Minotaur Berserker on Mar 7, 2017.
             Was an Elder of Trog.
             Slain by an orc warrior
             ... wielding a +0 scimitar
              (17 damage)
             ... on level 7 of the Dungeon.
             The game lasted 00:10:14 (4659 turns).

nikopol the Cleaver (Minotaur Berserker)            Turns: 4659, Time: 00:10:14

Health: -1/121     AC: 10    Str: 28    XL:     9   Next: 30%
Magic:  8/8        EV: 14    Int:  4    God:    Trog [****..]
Gold:   313        SH:  0    Dex: 12    Spells: 8/8 levels left

rFire    . . .     SeeInvis .   a - +0 hand axe of Conflict {speed, *Contam +Fly Stlth+} (curse)
rCold    . . .     Gourm    +   I - +0 scale mail
rNeg     . . .     Faith    .   (no shield)
rPois    .         Spirit   .   (helmet restricted)
rElec    .         Reflect  .   O - +0 cloak
rCorr    .         Harm     .   t - +0 pair of gloves
MR       +....                  (no boots)
Stlth    ..........             y - amulet of the gourmand
Regen    0.3/turn               (no ring)
MPRegen  0.2/turn               n - ring of protection from magic

@: berserking, drained, very quick
A: retaliatory headbutt, horns 2
a: Berserk, Trog's Hand, Brothers in Arms, Burn Spellbooks, Renounce Religion,
Evoke Flight


You were on level 7 of the Dungeon.
You worshipped Trog.
Trog was greatly pleased with you.
You were very full.

You visited 1 branch of the dungeon, and saw 7 of its levels.

You collected 313 gold pieces.

Inventory:

Hand Weapons
 a - the cursed +0 hand axe of Conflict (weapon) {speed, *Contam +Fly Stlth+}
   (You found it on level 4 of the Dungeon)

   Attacks with this weapon are significantly faster.
   It lets you fly.
   It causes magical contamination when unequipped.
   It makes you more stealthy.
   It has a curse placed upon it.
 F - a +0 hand axe
 L - a +0 hand axe of chopping
 N - a +2 battleaxe
Missiles
 D - 39 arrows (quivered)
Armour
 b - a +0 animal skin
 l - a +0 ring mail
 t - a +0 pair of gloves (worn)
 I - a +0 scale mail (worn)
 O - a +0 cloak (worn)
Jewellery
 n - a ring of protection from magic (left hand)
 y - an amulet of the gourmand (around neck)
 E - an uncursed ring of resist corrosion {unknown}
Wands
 M - a wand of flame (37/48)
Scrolls
 e - 2 scrolls of enchant weapon {unknown}
 f - 2 scrolls of immolation {unknown}
 j - 2 scrolls of recharging {unknown}
 k - 3 scrolls of remove curse {unknown}
 m - 6 scrolls of identify
 o - a scroll of amnesia {unknown}
 q - 3 scrolls of teleportation
 r - 2 scrolls of noise {unknown}
 s - 3 scrolls of blinking {unknown}
 w - 2 scrolls of magic mapping {unknown}
 x - 2 scrolls of random uselessness {unknown}
 A - a scroll of fear {unknown}
Potions
 d - 3 potions of ambrosia {unknown}
 g - a potion of mutation {unknown}
 i - 5 potions of curing {unknown}
 u - 2 potions of haste {unknown}
 v - a potion of cancellation {unknown}
 B - 2 potions of agility {unknown}
 C - a potion of magic {unknown}
 H - a potion of heal wounds {unknown}
 J - 2 potions of brilliance {unknown}
 K - a potion of lignification {unknown}
Comestibles
 c - 4 bread rations
 h - a royal jelly
 p - 5 fruits
 z - 3 meat rations
 G - 8 chunks of flesh


   Skills:
 + Level 8.3(8.2) Fighting
 + Level 8.4(8.3) Axes
 + Level 8.1 Armour
 + Level 7.2(7.1) Dodging


You had 8 spell levels left.
You didn't know any spells.

Dungeon Overview and Level Annotations

Branches:
Dungeon (7/15)             Temple (0/1) D:6

Altars:
Fedhas
Gozag
Kikubaaqudgha
Makhleb
Okawaru
Qazlal

Annotations:
D:7 asdu's ghost, novice MiCK


Innate Abilities, Weirdness & Mutations

You reflexively headbutt those who attack you in melee.
You have a pair of horns on your head.


Message History

You closely miss the orc warrior. You headbutt the orc warrior.
The orc warrior is moderately wounded.
You closely miss asdu's ghost. You miss the killer bee.
You slash the killer bee! The killer bee misses you. You furiously retaliate!
You headbutt the killer bee! You hit the orc warrior.
You headbutt the orc warrior!
The orc warrior is almost dead.
You hit asdu's ghost. You miss the killer bee. You slash the killer bee!
You kill the killer bee!
Trog accepts your kill. The killer bee misses you. You furiously retaliate!
You headbutt the killer bee!
You kill the killer bee!
Trog accepts your kill.
You hit the orc warrior but do no damage.
Your headbutt misses the orc warrior.
The orc warrior is almost dead.
You closely miss asdu's ghost.
The orc warrior hits you with a scimitar!
You die...

..!. ## ..# . #!
..#.#####. ##.#....
.. ######......# #.
.....#..##..# #.##
..#......#..# .h#
......)#....####W###
..##.)<#....##.†@oo#
#...).#...#.#y#oo..Z.
###.###.#.#..s# #....
...[ #.#....!# ...
.....# #.......# .
.......# ###.....#
.......# #.....#
.#.##..# .......# ..
... #.......#


You could see an orc warrior, a scorpion, a howler monkey, a killer bee, an orc
priest, asdu's ghost, 2 orcs and a hound skeleton.

Vanquished Creatures
  Pikel (D:4)
  Grinder (D:5)
  Sigmund (D:3)
  Duvessa (D:4)
  2 slaves (D:4)
  2 ice beasts (D:5)
  2 sky beasts (D:5)
  An ogre (D:5)
  2 bullfrogs (D:6)
  Dowan (D:4)
  A scorpion (D:6)
  3 killer bees (D:7)
  3 wights (D:6)
  A centaur zombie (D:5)
  2 bullfrog skeletons
  A jelly (D:3)
  An orc priest (D:4)
  A gnoll shaman (D:5)
  2 hounds
  An iguana (D:5)
  6 orc wizards
  2 worker ants
  A hound skeleton (D:4)
  5 gnolls (D:5)
  8 adders
  A shadow imp (D:6)
  An ooze (D:3)
  An adder zombie (D:3)
  An adder skeleton (D:5)
  3 worms
  A dart slug (D:1)
  5 leopard geckos
  16 orcs
  3 bats
  5 giant cockroaches
  8 goblins
  5 hobgoblins
  13 jackals
  5 kobolds
  4 quokkas
  4 ball pythons
  3 frilled lizards
  8 rats
139 creatures vanquished.

Vanquished Creatures (others)
  A slave (D:4)
1 creature vanquished.

Grand Total: 140 creatures vanquished

Notes
Turn   | Place    | Note
-------+----------+-------------------------------------------
     0 | D:1      | nikopol the Minotaur Berserker began the quest for the Orb.
     0 | D:1      | Reached XP level 1. HP: 19/19 MP: 0/0
   147 | D:1      | Reached XP level 2. HP: 16/27 MP: 1/1
   792 | D:2      | Reached XP level 3. HP: 25/33 MP: 2/2
   852 | D:2      | Found an opulent altar of Gozag.
   877 | D:2      | Reached ** piety under Trog
   998 | D:2      | Reached XP level 4. HP: 36/40 MP: 3/3
  1107 | D:2      | Found a burning altar of Makhleb.
  1412 | D:3      | Noticed Sigmund
  1421 | D:3      | Killed Sigmund
  1421 | D:3      | Reached skill level 5 in Axes
  1421 | D:3      | Reached XP level 5. HP: 47/47 MP: 4/4
  1421 | D:3      | Reached XP level 6. HP: 55/55 MP: 5/5
  1469 | D:3      | Found a stormy altar of Qazlal.
  1537 | D:3      | Reached skill level 5 in Fighting
  1828 | D:3      | Found a stormy altar of Qazlal.
  1900 | D:3      | Found an ancient bone altar of Kikubaaqudgha.
  1901 | D:3      | Found an iron altar of Okawaru.
  1904 | D:3      | Reached *** piety under Trog
  2118 | D:4      | Reached skill level 5 in Armour
  2438 | D:4      | Got a translucent hand axe
  2439 | D:4      | Identified the cursed +0 hand axe of Conflict {speed, *Contam +Fly Stlth+} (You found it on level 4 of the Dungeon)
  2564 | D:4      | Noticed Dowan
  2567 | D:4      | Noticed Duvessa
  2570 | D:4      | Noticed a slave
  2571 | D:4      | Noticed Pikel
  2571 | D:4      | Noticed a slave
  2573 | D:4      | Noticed a slave
  2576 | D:4      | Noticed a slave
  2586 | D:4      | Killed Duvessa
  2586 | D:4      | Reached XP level 7. HP: 35/61 MP: 6/6
  2599 | D:4      | Killed Pikel
  2599 | D:4      | Reached skill level 5 in Dodging
  2599 | D:4      | Reached XP level 8. HP: 51/71 MP: 7/7
  2602 | D:4      | Killed Dowan
  3009 | D:5      | Entered Level 5 of the Dungeon
  3638 | D:5      | Noticed Grinder
  3653 | D:5      | Killed Grinder
  3714 | D:5      | Reached **** piety under Trog
  3746 | D:5      | Reached XP level 9. HP: 66/80 MP: 8/8
  4254 | D:6      | Found a staircase to the Ecumenical Temple.
  4633 | D:7      | Found a blossoming altar of Fedhas.
  4642 | D:7      | Noticed asdu's ghost (novice MiCK)
  4659 | D:7      | Slain by an orc warrior

Vault maps used:
D:1:      tarquinn_simple_flora_water_d
D:2:      grunt_gozag_statues, makhleb_heckhound_becter
D:3:      lemuel_round_altar, gammafunk_temple_overflow_statue,
          nicolae_qazlal_general_emergency, uniq_sigmund
D:4:      uniq_pikel, uniq_duvessa
D:5:      first_bread, kennysheep_generic_room_4, uniq_grinder
D:6:      minmay_temple_entry_glassed_door
D:7:      grunt_temple_overflow_holy_war, lemuel_crystal_altar, serial_shops,
          shop

Skill      XL: |  1  2  3  4  5  6  7  8  9 |
---------------+----------------------------+-----
Axes           | 4 5 6 7 8 |  8.4
Armour         | 3 4 5 6 7 8 |  8.1
Fighting       | 4 5 6 7 8 |  8.3
Dodging        | 3 4 5 6 7 |  7.2

Action                   |  1- 3 |  4- 6 |  7- 9 || total
-------------------------+-------+-------+-------++-------
Melee: Hand axe          |    69 |   129 |   221 ||   419
       Headbutt          |    16 |    24 |    62 ||   102
Invok: Berserk           |       |     1 |     2 ||     3
  Use: Scroll            |       |     1 |     1 ||     2
 Stab: Sleeping          |       |     1 |       ||     1
  Eat: Chunk             |       |    17 |     8 ||    25
Armor: Ring mail         |    16 |    30 |     4 ||    50
       Scale mail        |       |       |    54 ||    54
Dodge: Dodged            |    50 |    75 |    79 ||   204
